Description

Gas first into double Reaper Hellion into Banshee Raven into Bio.

VOD

https://www.twitch.tv/videos/340509848?t=08h15m44s

Replay - Bunny v lIIllllIIlll: Game 4 - Blueshift LE

Build Order

Get SALT Encoding   

  12  0:00  SCV  
  13  0:12  SCV  
  14  0:16  Supply Depot  
  14  0:24  SCV  
  14  0:27  Refinery  
  15  0:38  SCV  
  16  0:44  Barracks  
  16  0:50  SCV  
  16  0:54  Refinery  100% 150 Gas = 4 SCVs out of Gas
  17  1:02  SCV  
  18  1:14  SCV  
  19  1:31  Orbital Command  
  19  1:32  Factory  
  19  1:35  Reaper  
  20  1:49  Supply Depot  
  20  1:56  SCV  
  21  2:07  Reaper  
  22  2:08  SCV  
  22  2:15  Hellion  
  25  2:20  SCV  
  26  2:33  Command Center  Full Gas Re-Saturation Main
  27  2:38  Factory Tech Lab  
  27  2:44  Barracks Reactor  
  27  2:52  Starport  
  27  3:00  Supply Depot  
  31  3:17  Factory Tech Lab  
  28  3:22  Marine x2  
  30  3:34  Banshee  
  34  3:44  Cyclone  
  37  3:51  Orbital Command  
  38  3:58  Marine x2  
  40  4:02  Refinery  
  41  4:17  Raven, Siege Tank  
  41  4:24  Supply Depot  
  48  4:27  Marine x2  
  53  4:46  Supply Depot  
  53  4:50  Marine x2, Siege Tank  
  60  5:04  Raven  
  62  5:09  Marine x2  
  66  5:22  Siege Tank  
  75  5:49  Command Center  
  77  5:53  Viking x2  
  81  5:59  Siege Tank  
  85  6:10  Refinery  
  88  6:24  Viking x2  
  91  6:31  Siege Tank  
  95  6:52  Barracks x2  
  95  6:54  Viking x2  
  95  7:01  Engineering Bay x2  
  99  7:03  Orbital Command  
  99  7:14  Siege Tank  
  105  7:29  Viking  
  104  7:30  Barracks x2  
  97  7:45  Orbital Command, Viking  
  97  7:47  Siege Tank  
  97  7:48  Barracks Reactor, Barracks Tech Lab  
Spawning Tool Build Advisor. Get it on Overwolf

Go to:

Details

  • Created by: propagare
  • Published on: Dec 09, 2018
  • Modified on: Dec 09, 2018
  • Patch: 4.7.1
Show
View Real Time Build Order
Export as new Build Order

Comments (0)

There are no comments. Be the first!

Create an account to comment!